AoeStats
← b1gFooot

Arabia

510026736Analyzed
1v1 RM · 2d ago on Sep 29, 2026· 110m 10s· 2 players
Game mode
Random Map
Map size
Tiny (2 player)
Population
200
Speed
Normal
Resources
Standard
Victory
Conquest
Starting age
Dark Age
Ending age
Imperial Age
RankedLock teamsTeams togetherTeam positionsShared explorationLock speedFull tech treeHidden civsTurbo modeCheats
Victory
Defeat
🇲🇽 Saracens · Mexico
1129
+15
🇺🇸 Saxons · United States
1115
-15
Cilantro Ranger
9:30 Feudal Age
9:32 Loom
9:37 Man-at-Arms
10:35 Loom
14:45 Gold Mining
21:07 Castle Age
19:06 Arson
19:52 Scale Barding Armor
19:48 Scale Mail Armor
20:08 Forging
21:11 Double-Bit Axe
21:10 Long Swordsman
21:36 Gambesons
22:49 Chain Mail Armor
26:24 Wheelbarrow
26:47 Squires
30:28 Crossbowman
34:56 Imperial Age
32:35 Fletching
33:51 Padded Archer Armor
34:41 Bodkin Arrow
39:27 Bracer
41:34 Ballistics
41:49 Arbalester
44:55 Thumb Ring
47:47 Hand Cart
47:18 Town Watch
50:32 Chemistry
52:20 Leather Archer Armor
56:05 Pikeman
58:30 Plate Mail Armor
62:53 Bloodlines
62:04 Light Cavalry
62:53 Scale Barding Armor
63:24 Iron Casting
63:08 Masonry
63:04 Husbandry
62:27 Cavalier
63:54 Hussar
66:03 Chain Barding Armor
69:40 Halberdier
81:38 Elite Skirmisher
86:33 Ring Archer Armor
92:49 Architecture
96:49 Bow Saw
96:21 Horse Collar
b1gFooot
7:31 Loom
16:25 Feudal Age
17:43 Wheelbarrow
16:55 Double-Bit Axe
18:28 Gold Mining
24:53 Castle Age
23:30 Stone Mining
40:14 Hand Cart
50:14 Town Watch
54:01 Imperial Age
51:47 Scale Barding Armor
51:52 Forging
52:52 Bow Saw
54:20 Onager
56:40 Block Printing
58:16 Elite Mameluke
61:12 Conscription
62:31 Block Printing
62:26 Horse Collar
63:25 Iron Casting
64:44 Theocracy
64:11 Heavy Plow
65:14 Two-Man Saw
65:23 Gold Shaft Mining
66:08 Bloodlines
65:58 Husbandry
67:16 Chain Barding Armor
67:54 Illumination
68:51 Plate Barding Armor
68:58 Siege Onager
72:44 Siege Engineers
73:40 Chemistry
73:00 Ballistics
74:30 Blast Furnace
73:20 Fletching
73:31 Padded Archer Armor
74:42 Murder Holes
78:23 Fervor
78:34 Sanctity
78:25 Redemption
78:47 Light Cavalry
80:00 Bodkin Arrow
80:20 Leather Archer Armor
82:16 Hussar
83:50 Bracer
89:16 Town Patrol
89:27 Masonry
90:46 Ring Archer Armor
92:51 Heavy Camel Rider
94:02 Crossbowman
94:48 Thumb Ring
109:48 Arbalester
Connection lost

Rejoining the realm…

Still unreachable

The connection could not be restored.

Session expired

The server has moved on; the page needs a fresh start.